NCAA
FLORIDA STATE SEMINOLES @ MISSISSIPPI REBELS
04/07/2029
 
TOP OF THE 1ST
Florida State Seminoles batting - Pitching for Mississippi Rebels : LHP Arthur Ferguson
Pitching: LHP Arthur Ferguson
Batting: LHB Jeff Stevens 0-0: Called Strike
0-1: Ball
1-1: Ball
2-1: SINGLE (Line Drive, 8RS)
Batting: RHB Quentin Underwood 0-0: Foul Ball, location: 2F
0-1: Ball
1-1: Foul Ball, location: 2F
1-2: Ball
2-2: Fly out, F9 (Line Drive, 9LS)
Batting: LHB Paul Cotton 0-0: Foul Ball, location: 2F
0-1: Called Strike
0-2: DOUBLE (Line Drive, 89D)
Jeff Stevens to third
Runner from 3rd tries for Home, SAFE, no throw
Batting: RHB Tristan Dean 0-0: Ball
1-0: Swinging Strike
1-1: Foul Ball, location: 2F
1-2: Foul Ball, location: 2F
1-2: Foul Ball, location: 2F
1-2: Foul Ball, location: 2F
1-2: SINGLE (Line Drive, 89M)
Paul Cotton to third
Batting: RHB Bill Rice 0-0: Ball
1-0: Swinging Strike
1-1: SINGLE (Groundball, 3D)
Paul Cotton scores
Tristan Dean to second
Batting: LHB Millard Myers 0-0: Ball
1-0: Foul Ball, location: 2F
1-1: Ball
2-1: Called Strike
2-2: Foul Ball, location: 2F
2-2: Strikes out swinging
Batting: LHB Connor Moss 0-0: Ball
1-0: Ball
2-0: Swinging Strike
2-1: Foul Ball, location: 2F
2-2: SINGLE (Groundball, 34D)
Tristan Dean to third
Bill Rice to second
Runner from 3rd tries for Home, SAFE, throw made home
Batting: RHB Victor Whitfield 0-0: SINGLE (Groundball, 6MD)
Bill Rice to third
Connor Moss to second
Runner from 3rd tries for Home, SAFE, throw made home
Batting: RHB Harry Ray 0-0: Ball
1-0: Ball
2-0: DOUBLE (Line Drive, 7LM)
Connor Moss scores
Victor Whitfield to third
Batting: LHB Jeff Stevens 0-0: Ball
1-0: Called Strike
1-1: Swinging Strike
1-2: Strikes out swinging
Top of the 1st over - 5 runs, 7 hits, 0 errors, 2 left on base; Florida State 5 - Mississippi 0
BOTTOM OF THE 1ST
Mississippi Rebels batting - Pitching for Florida State Seminoles : RHP Mike Sherman
Pitching: RHP Mike Sherman
Batting: LHB Bob Crawford 0-0: Swinging Strike
0-1: Ball
1-1: Ground out 6-3 (Groundball, 6S)
Batting: LHB Erik Moore 0-0: Ball
1-0: Ball
2-0: Called Strike
2-1: Ball
3-1: Foul Ball, location: 2F
3-2: Base on Balls
Batting: RHB Jesús Estrada 0-0: Called Strike
0-1: Called Strike
0-2: Ball
1-2: Ball
2-2: Foul Ball, location: 2F
2-2: Strikes out looking
Batting: LHB John Allen 0-0: Called Strike
0-1: Ball
1-1: Swinging Strike
1-2: Strikes out swinging
Bottom of the 1st over - 0 runs, 0 hits, 0 errors, 1 left on base; Florida State 5 - Mississippi 0
TOP OF THE 2ND
Florida State Seminoles batting - Pitching for Mississippi Rebels : LHP Arthur Ferguson
Batting: RHB Quentin Underwood 0-0: Ball
1-0: Swinging Strike
1-1: SINGLE (Groundball, 4S) (infield hit)
Batting: LHB Paul Cotton 0-0: Ball
1-0: Ball
2-0: Ball
3-0: Called Strike
3-1: Called Strike
3-2: SINGLE (Flyball, 7S)
Quentin Underwood to second
Batting: RHB Tristan Dean 0-0: 3-RUN HOME RUN (Flyball, 8RXD), Distance : 394 ft
Batting: RHB Bill Rice 0-0: Called Strike
0-1: Ball
1-1: Ball
2-1: Ball
3-1: Foul Ball, location: 2F
3-2: Base on Balls
Batting: LHB Millard Myers 0-0: 2-RUN HOME RUN (Flyball, 89XD), Distance : 384 ft
Batting: LHB Connor Moss 0-0: Called Strike
0-1: Ball
1-1: Ball
2-1: Foul Ball, location: 2F
2-2: Strikes out swinging
Batting: RHB Victor Whitfield 0-0: Foul Ball, location: 2F
0-1: Foul Ball, location: 2F
0-2: Ball
1-2: Ball
2-2: DOUBLE (Line Drive, 3D)
Batting: RHB Harry Ray 0-0: Called Strike
0-1: SINGLE (Line Drive, 7LS)
Victor Whitfield to third
Runner from 3rd tries for Home, throw and OUT!
Batting: LHB Jeff Stevens 0-0: Called Strike
0-1: Ball
1-1: Ball
2-1: Foul Ball, location: 2F
2-2: Strikes out looking
Top of the 2nd over - 5 runs, 6 hits, 0 errors, 1 left on base; Florida State 10 - Mississippi 0
BOTTOM OF THE 2ND
Mississippi Rebels batting - Pitching for Florida State Seminoles : RHP Mike Sherman
Batting: RHB Jesús Pérez 0-0: Called Strike
0-1: Swinging Strike
0-2: Ball
1-2: Strikes out looking
Batting: LHB Howard Tyler 0-0: Ball
1-0: Ball
2-0: Foul Ball, location: 2F
2-1: Ball
3-1: Foul Ball, location: 2F
3-2: SINGLE (Groundball, 56D)
Batting: RHB Mac Clark 0-0: Swinging Strike
0-1: Ball
1-1: Called Strike
1-2: Foul Ball, location: 2F
1-2: Fly out, F7 (Flyball, 7D)
Batting: RHB Jon Waller 0-0: Ball
1-0: Foul Ball, location: 2F
1-1: Ball
2-1: Foul Ball, location: 2F
2-2: SINGLE (Groundball, 34D)
Howard Tyler to second
Runner from 2nd tries for 3rd, OUT!
Bottom of the 2nd over - 0 runs, 2 hits, 0 errors, 1 left on base; Florida State 10 - Mississippi 0
TOP OF THE 3RD
Florida State Seminoles batting - Pitching for Mississippi Rebels : LHP Arthur Ferguson
Batting: RHB Quentin Underwood 0-0: Swinging Strike
0-1: Ball
1-1: SINGLE (Groundball, 4MD)
Batting: LHB Paul Cotton 0-0: Called Strike
0-1: Ball
1-1: Ball
2-1: Called Strike
2-2: Foul Ball, location: 2F
2-2: Ball
3-2: Base on Balls
Quentin Underwood to second
Pitching: RHP Mike Vincent
Batting: RHB Tristan Dean 0-0: Ball
1-0: SINGLE (Line Drive, 8LS)
Quentin Underwood to third
Paul Cotton to second
Batting: RHB Bill Rice 0-0: Ball
1-0: Ball
2-0: Called Strike
2-1: SINGLE (Flyball, 89S)
Quentin Underwood scores
Paul Cotton to third
Tristan Dean to second
Runner from 3rd tries for Home, SAFE, throw made home
Batting: LHB Millard Myers 0-0: Called Strike
0-1: Ball
1-1: SINGLE (Line Drive, 89S)
Tristan Dean to third
Bill Rice to second
Batting: LHB Connor Moss 0-0: Ball
Wild Pitch!
Tristan Dean scores
Bill Rice to third
Millard Myers to second
1-0: Called Strike
1-1: Ball
2-1: Called Strike
2-2: Ball
3-2: Base on Balls
Batting: RHB Victor Whitfield 0-0: Ball
1-0: Ball
2-0: SINGLE (Groundball, 34D)
Bill Rice scores
Millard Myers to third
Connor Moss to second
Batting: RHB Harry Ray 0-0: SINGLE (Groundball, 4D)
Millard Myers scores
Connor Moss to third
Victor Whitfield to second
Runner from 3rd tries for Home, SAFE, throw made home
Batting: LHB Jeff Stevens 0-0: Ball
1-0: Foul Ball, location: 2F
1-1: Grounds into double play, 5-4-3 (Groundball, 56)
Victor Whitfield to third
Batting: RHB Quentin Underwood 0-0: Called Strike
0-1: Foul Ball, location: 2F
0-2: Ball
1-2: Ball
2-2: Ball
3-2: SINGLE (Line Drive, 56)
Victor Whitfield scores
Batting: LHB Paul Cotton 0-0: Called Strike
Quentin Underwood steals 2nd base
0-1: Ball
1-1: Swinging Strike
1-2: Ball
2-2: Ball
3-2: Base on Balls
Batting: RHB Tristan Dean 0-0: DOUBLE (Line Drive, 78D)
Quentin Underwood scores
Paul Cotton to third
Runner from 3rd tries for Home, SAFE, no throw
Batting: RHB Bill Rice 0-0: Ball
1-0: Ball
2-0: Called Strike
2-1: SINGLE (Flyball, 8RS)
Tristan Dean to third
Batting: LHB Millard Myers 0-0: Ball
1-0: Foul Ball, location: 2F
1-1: Fly out, F9 (Flyball, 89D)
Top of the 3rd over - 9 runs, 9 hits, 0 errors, 2 left on base; Florida State 19 - Mississippi 0
BOTTOM OF THE 3RD
Mississippi Rebels batting - Pitching for Florida State Seminoles : RHP Mike Sherman
Batting: RHB Manuel Ortíz 0-0: Called Strike
0-1: Ball
1-1: Ball
2-1: Called Strike
2-2: SINGLE (Groundball, 6MD)
Batting: LHB Bob Crawford 0-0: Ball
1-0: Called Strike
1-1: Fly out, F8 (Flyball, 8LM)
Batting: LHB Erik Moore 0-0: Called Strike
0-1: Ball
1-1: Ball
2-1: Swinging Strike
2-2: SINGLE (Groundball, 6MD)
Manuel Ortíz to second
Batting: RHB Jesús Estrada 0-0: Ball
1-0: Fly out, F8 (Line Drive, 78XD)
Runner from 2nd tags up, SAFE at 3rd, no throw
Batting: LHB John Allen 0-0: Ball
1-0: Called Strike
1-1: Ball
2-1: Swinging Strike
2-2: Ground out 4-3 (Groundball, 4)
Bottom of the 3rd over - 0 runs, 2 hits, 0 errors, 2 left on base; Florida State 19 - Mississippi 0
TOP OF THE 4TH
Florida State Seminoles batting - Pitching for Mississippi Rebels : RHP Mike Vincent
Batting: LHB Connor Moss 0-0: Ball
1-0: Ball
2-0: Swinging Strike
2-1: Ground out U3 (Groundball, 3)
Batting: RHB Victor Whitfield 0-0: Ball
1-0: Swinging Strike
1-1: Foul Ball, location: 2F
1-2: Ball
2-2: Foul Ball, location: 2F
2-2: Ball
3-2: Foul Ball, location: 2F
3-2: SINGLE (Line Drive, 6D)
Batting: RHB Harry Ray 0-0: Called Strike
0-1: Swinging Strike
0-2: Ball
1-2: Foul Ball, location: 2F
1-2: SINGLE (Flyball, 8LS)
Victor Whitfield to second
Runner from 2nd tries for 3rd, SAFE, no throw
Pitching: RHP Mike White
Batting: LHB Jeff Stevens 0-0: Ball
1-0: Ball
2-0: Ball
3-0: Base on Balls
Harry Ray to second
Batting: RHB Quentin Underwood 0-0: Foul Ball, location: 2F
0-1: Ball
1-1: Ball
2-1: SINGLE (Flyball, 9S)
Victor Whitfield scores
Harry Ray to third
Jeff Stevens to second
Batting: LHB Paul Cotton 0-0: Ball
1-0: Foul Ball, location: 2F
1-1: Ball
2-1: Ball
3-1: Base on Balls
Harry Ray scores
Jeff Stevens to third
Quentin Underwood to second
Batting: RHB Tristan Dean 0-0: Ball
1-0: Fly out, F7 (Flyball, 78M)
Runner from 3rd tags up, SCORES, no throw
Batting: RHB Bill Rice 0-0: Ball
1-0: Fly out, F8 (Flyball, 89D)
Top of the 4th over - 3 runs, 3 hits, 0 errors, 2 left on base; Florida State 22 - Mississippi 0
BOTTOM OF THE 4TH
Mississippi Rebels batting - Pitching for Florida State Seminoles : RHP Mike Sherman
Batting: RHB Jesús Pérez 0-0: Ball
1-0: Ball
2-0: SINGLE (Flyball, 9LS)
Batting: LHB Howard Tyler 0-0: Ball
1-0: Called Strike
1-1: Fielders Choice at 2nd, 4-6 (Groundball, 34)
Batting: RHB Mac Clark 0-0: Fly out, F7 (Flyball, 78D)
Batting: RHB Jon Waller 0-0: Ball
1-0: Called Strike
1-1: Fly out, F8 (Flyball, 8RD)
Bottom of the 4th over - 0 runs, 1 hit, 0 errors, 1 left on base; Florida State 22 - Mississippi 0
TOP OF THE 5TH
Florida State Seminoles batting - Pitching for Mississippi Rebels : RHP Mike White
Batting: LHB Millard Myers 0-0: SINGLE (Groundball, 56D)
Batting: LHB Connor Moss 0-0: Called Strike
0-1: Ball
1-1: Swinging Strike
1-2: SINGLE (Groundball, 56D)
Millard Myers to second
Batting: RHB Victor Whitfield 0-0: Ground out 4-3 (Groundball, 4S)
Millard Myers to third
Connor Moss to second
Batting: RHB Harry Ray 0-0: Ball
1-0: Fly out, F7 (Flyball, 78M)
Batting: LHB Jeff Stevens 0-0: Foul Ball, location: 2F
0-1: SINGLE (Line Drive, 4D)
Millard Myers scores
Connor Moss to third
Runner from 3rd tries for Home, SAFE, throw made home
Batting: RHB Quentin Underwood 0-0: Ball
1-0: Foul Ball, location: 2F
1-1: Foul Ball, location: 2F
1-2: Ball
2-2: Ball
3-2: Ground out 1-3 (Groundball, 13)
Top of the 5th over - 2 runs, 3 hits, 0 errors, 1 left on base; Florida State 24 - Mississippi 0
BOTTOM OF THE 5TH
Mississippi Rebels batting - Pitching for Florida State Seminoles : RHP Mike Sherman
Batting: RHB Manuel Ortíz 0-0: Called Strike
0-1: Swinging Strike
0-2: Ball
1-2: Ground out 1-3 (Groundball, 13S)
Batting: LHB Bob Crawford 0-0: Called Strike
0-1: SINGLE (Line Drive, 7S)
Batting: LHB Erik Moore 0-0: Called Strike
0-1: Foul Ball, location: 2F
0-2: Foul Ball, location: 2F
0-2: Ball
1-2: Strikes out swinging
Pitching: RHP Dale Kelley
Batting: RHB Jesús Estrada 0-0: Called Strike
0-1: Ball
Bob Crawford steals 2nd base
1-1: Swinging Strike
1-2: Strikes out swinging
Bottom of the 5th over - 0 runs, 1 hit, 0 errors, 1 left on base; Florida State 24 - Mississippi 0
TOP OF THE 6TH
Florida State Seminoles batting - Pitching for Mississippi Rebels : RHP Mike White
Batting: LHB Paul Cotton 0-0: Ball
1-0: Swinging Strike
1-1: Swinging Strike
1-2: Strikes out swinging
Batting: RHB Tristan Dean 0-0: Called Strike
0-1: Ball
1-1: Ball
2-1: Ball
3-1: Base on Balls
Batting: RHB Bill Rice 0-0: Ball
1-0: Fly out, F8 (Line Drive, 8RM)
Batting: LHB Millard Myers 0-0: Ball
1-0: Swinging Strike
1-1: Ball
2-1: Foul Ball, location: 2F
2-2: Ball
3-2: Base on Balls
Tristan Dean to second
Batting: LHB Connor Moss 0-0: Called Strike
0-1: Ball
1-1: Ball
2-1: Called Strike
2-2: Ball
3-2: Base on Balls
Tristan Dean to third
Millard Myers to second
Batting: RHB Victor Whitfield 0-0: Ball
1-0: Ball
2-0: Ball
3-0: Base on Balls
Tristan Dean scores
Millard Myers to third
Connor Moss to second
Batting: RHB Harry Ray 0-0: Ball
1-0: Ball
2-0: Ball
3-0: Base on Balls
Millard Myers scores
Connor Moss to third
Victor Whitfield to second
Batting: LHB Jeff Stevens 0-0: Ball
1-0: Ball
2-0: Single, Error in OF, E9, batter to second base
Connor Moss scores
Victor Whitfield scores
Harry Ray to third
Batting: RHB Quentin Underwood 0-0: Fly out, F8 (Flyball, 78M)
Top of the 6th over - 4 runs, 1 hit, 1 error, 2 left on base; Florida State 28 - Mississippi 0
BOTTOM OF THE 6TH
Mississippi Rebels batting - Pitching for Florida State Seminoles : RHP Dale Kelley
Batting: LHB John Allen 0-0: Fly out, F6 (Line Drive, 6M)
Batting: RHB Jesús Pérez 0-0: Ball
1-0: Called Strike
1-1: SINGLE (Groundball, 6MD)
Batting: LHB Howard Tyler 0-0: Fly out, F6 (Popup, 6M)
Batting: RHB Mac Clark 0-0: Ball
1-0: Foul Ball, location: 2F
1-1: Ball
2-1: 2-RUN HOME RUN (Flyball, 7LD), Distance : 341 ft
Batting: RHB Jon Waller 0-0: Fly out, F8 (Line Drive, 8LD)
Bottom of the 6th over - 2 runs, 2 hits, 0 errors, 0 left on base; Florida State 28 - Mississippi 2
TOP OF THE 7TH
Florida State Seminoles batting - Pitching for Mississippi Rebels : RHP Mike White
Pitching: LHP Paul Hart
Batting: LHB Paul Cotton 0-0: Ball
1-0: Called Strike
1-1: Ball
2-1: Foul Ball, location: 2F
2-2: Ball
3-2: Base on Balls
Batting: RHB Tristan Dean 0-0: Called Strike
0-1: Fly out, F7 (Flyball, 7)
Batting: RHB Bill Rice 0-0: SINGLE (Line Drive, 89S)
Paul Cotton to second
Batting: LHB Millard Myers 0-0: Called Strike
0-1: Ball
1-1: Called Strike
1-2: SINGLE (Groundball, 6MD)
Paul Cotton to third
Bill Rice to second
Batting: LHB Connor Moss 0-0: Foul Ball, location: 2F
0-1: Ball
1-1: Ball
2-1: Called Strike
2-2: Ball
3-2: Strikes out looking
Batting: RHB Victor Whitfield 0-0: SINGLE (Flyball, 9LM)
Paul Cotton scores
Bill Rice to third
Millard Myers to second
Runner from 3rd tries for Home, SAFE, throw made home
Batting: RHB Harry Ray 0-0: Called Strike
0-1: Ball
1-1: Ball
2-1: Called Strike
2-2: Ball
3-2: Base on Balls
Millard Myers to third
Victor Whitfield to second
Batting: LHB Jeff Stevens 0-0: Called Strike
0-1: Swinging Strike
0-2: Ball
1-2: Foul Ball, location: 2F
1-2: Fly out, F5 (Popup, 5SF)
Top of the 7th over - 2 runs, 3 hits, 0 errors, 3 left on base; Florida State 30 - Mississippi 2
BOTTOM OF THE 7TH
Mississippi Rebels batting - Pitching for Florida State Seminoles : RHP Dale Kelley
Batting: RHB Manuel Ortíz 0-0: Ball
1-0: Called Strike
1-1: Ball
2-1: Foul Ball, location: 2F
2-2: Ball
3-2: Base on Balls
Batting: LHB Bob Crawford 0-0: Called Strike
0-1: Ball
1-1: Ball
2-1: Foul Ball, location: 2F
2-2: Fly out, F2 (Popup, 2R)
Batting: LHB Erik Moore 0-0: Called Strike
0-1: Called Strike
0-2: Foul Ball, location: 2F
0-2: Ball
1-2: Foul Ball, location: 2F
1-2: Ball
2-2: Ball
3-2: Fielders Choice at 2nd, 6-4 (Groundball, 6M)
Batting: RHB Jesús Estrada 0-0: Ball
1-0: Called Strike
1-1: Ball
2-1: Ball
3-1: Foul Ball, location: 2F
3-2: Foul Ball, location: 2F
3-2: Foul Ball, location: 2F
3-2: Foul Ball, location: 2F
3-2: Strikes out swinging
Bottom of the 7th over - 0 runs, 0 hits, 0 errors, 1 left on base; Florida State 30 - Mississippi 2
TOP OF THE 8TH
Florida State Seminoles batting - Pitching for Mississippi Rebels : LHP Paul Hart
Batting: RHB Quentin Underwood 0-0: Ball
1-0: Fly out, F8 (Flyball, 8LD)
Batting: LHB Paul Cotton 0-0: Called Strike
0-1: Ball
1-1: Ground out U3 (Groundball, 23)
Batting: RHB Tristan Dean 0-0: Ball
1-0: Foul Ball, location: 2F
1-1: Foul Ball, location: 2F
1-2: Strikes out looking
Top of the 8th over - 0 runs, 0 hits, 0 errors, 0 left on base; Florida State 30 - Mississippi 2
BOTTOM OF THE 8TH
Mississippi Rebels batting - Pitching for Florida State Seminoles : RHP Dale Kelley
Batting: LHB John Allen 0-0: Ball
1-0: Called Strike
1-1: Ball
2-1: Foul Ball, location: 2F
2-2: Foul Ball, location: 2F
2-2: Foul Ball, location: 2F
2-2: Foul Ball, location: 2F
2-2: Ground out 5-3 (Groundball, 5L)
Batting: RHB Jesús Pérez 0-0: Ball
1-0: Called Strike
1-1: Called Strike
1-2: Foul Ball, location: 2F
1-2: Ball
2-2: Foul Ball, location: 2F
2-2: Foul Ball, location: 2F
2-2: SINGLE (Line Drive, 6MD)
Batting: LHB Howard Tyler 0-0: Ball
1-0: Foul Ball, location: 2F
1-1: Fly out, F8 (Flyball, 8LM)
Batting: RHB Mac Clark 0-0: Ball
1-0: Foul Ball, location: 2F
1-1: Ball
2-1: Ball
3-1: Base on Balls
Jesús Pérez to second
Batting: RHB Jon Waller 0-0: Called Strike
0-1: Fly out, F8 (Line Drive, 8LD)
Bottom of the 8th over - 0 runs, 1 hit, 0 errors, 2 left on base; Florida State 30 - Mississippi 2
TOP OF THE 9TH
Florida State Seminoles batting - Pitching for Mississippi Rebels : LHP Paul Hart
Batting: RHB Bill Rice 0-0: Called Strike
0-1: Ball
1-1: Ball
2-1: SINGLE (Line Drive, 6D)
Batting: LHB Millard Myers 0-0: Ball
1-0: Ball
2-0: Ball
3-0: Base on Balls
Bill Rice to second
Pitching: RHP Eddie Bell
Batting: LHB Connor Moss 0-0: Fielders Choice at 2nd, 3-6 (Groundball, 3)
Bill Rice to third
Batting: RHB Victor Whitfield 0-0: Ball
1-0: Ball
Connor Moss is caught stealing 2nd base
2-0: Ball
3-0: Base on Balls
Batting: RHB Harry Ray 0-0: Called Strike
0-1: Swinging Strike
0-2: Ball
1-2: Ball
2-2: Ball
3-2: Foul Ball, location: 2F
3-2: Foul Ball, location: 2F
3-2: Foul Ball, location: 2F
3-2: Base on Balls
Victor Whitfield to second
Batting: LHB Jeff Stevens 0-0: SINGLE (Line Drive, 4)
Bill Rice scores
Victor Whitfield to third
Harry Ray to second
Batting: RHB Quentin Underwood 0-0: Called Strike
0-1: Ball
1-1: Ball
2-1: Fly out, F3 (Line Drive, 3)
Top of the 9th over - 1 run, 2 hits, 0 errors, 3 left on base; Florida State 31 - Mississippi 2
BOTTOM OF THE 9TH
Mississippi Rebels batting - Pitching for Florida State Seminoles : RHP Dale Kelley
Batting: RHB Manuel Ortíz 0-0: Ground out 6-3 (Groundball, 6)
Batting: LHB Bob Crawford 0-0: Ball
1-0: Ball
2-0: Ball
3-0: Base on Balls
Pitching: RHP Erik Hale
Batting: LHB Erik Moore 0-0: 2-RUN HOME RUN (Flyball, 9D), Distance : 353 ft
Batting: RHB Jesús Estrada 0-0: Called Strike
0-1: Ball
1-1: Swinging Strike
1-2: Foul Ball, location: 2F
1-2: Strikes out looking
Batting: LHB John Allen 0-0: Ball
1-0: Ball
2-0: Ball
3-0: Base on Balls
Batting: RHB Jesús Pérez 0-0: Ball
1-0: Foul Ball, location: 2F
1-1: Fly out, F8 (Flyball, 8RM)
Bottom of the 9th over - 2 runs, 1 hit, 0 errors, 1 left on base; Florida State 31 - Mississippi 4
Saturday, December 16th, 2017 - OOTP Baseball 18.8 Build 76